 Dungeon Crawl Stone Soup version 0.26-a0-365-g11c2b627af (webtiles) character file.

Game seed: 1576200513473177721

16539 Baz the Slinger (level 12, 0/79 (80) HPs)
             Began as a Halfling Fire Elementalist on July 19, 2020.
             Was a High Priest of Okawaru.
             Slain by a blink frog (17 damage)
             ... on level 2 of the Lair of Beasts.
             The game lasted 00:43:19 (17304 turns).

Baz the Slinger (Halfling Fire Elementalist)       Turns: 17304, Time: 00:43:20

HP:   0/79 (80)     AC: 11    Str: 16    XL:     12   Next: 71%
MP:   15/15         EV: 18    Int: 14    God:    Okawaru [*****.]
Gold: 634           SH:  0    Dex: 19    Spells: 6/14 levels left

rFire    + . .     SeeInvis .   a - +3 hunting sling
rCold    . . .     Faith    .   (shield restricted)
rNeg     . . .     Spirit   .   P - +3 leather armour {rF+}
rPois    +         Reflect  .   Q - +0 hat "Latu Gug" {MR++ Str+4 Dex+3}
rElec    .         Harm     .   D - +0 cloak
rCorr    .                      l - +0 pair of gloves
MR       ++...                  G - +1 pair of boots
Stlth    +++++.....             (no amulet)
HPRegen  0.23/turn              z - ring of poison resistance
MPRegen  0.14/turn              H - ring of flight

@: no status effects
A: small, mutation resistance 1
a: Heroism, Finesse, Renounce Religion, Evoke Flight


You were on level 2 of the Lair of Beasts.
You worshipped Okawaru.
Okawaru was extremely pleased with you.
You visited 3 branches of the dungeon, and saw 13 of its levels.

You collected 832 gold pieces.
You spent 198 gold pieces at shops.

Inventory:

Hand Weapons
 a - a +3 hunting sling (weapon)
 b - a +1 dagger of draining
 m - a +2 short sword of speed
 v - a +0 short sword
 C - a +0 dagger of pain
Missiles
 f - 278 sling bullets (quivered)
 s - 307 stones
Armour
 l - a +0 pair of gloves (worn)
 D - a +0 cloak (worn)
 G - a +1 pair of boots (worn)
 K - a +0 buckler
 L - the +0 robe of the Constellations {Stlth+}
   (You took it off a wight on level 5 of the Dungeon)

   It makes you more stealthy.
 N - a +0 robe
 P - a +3 leather armour of fire resistance (worn)
 Q - the +0 hat "Latu Gug" (worn) {MR++ Str+4 Dex+3}
   (Okawaru gifted it to you on level 8 of the Dungeon)

   It affects your strength (+4).
   It affects your dexterity (+3).
   It affects your resistance to hostile enchantments.
Magical Staves
 M - an uncursed staff of death
Jewellery
 z - a ring of poison resistance (left hand)
 H - a ring of flight (right hand)
 I - an uncursed ring of stealth {unknown}
 R - an uncursed ring of wizardry {unknown}
 S - an uncursed amulet of magic regeneration {unknown}
Wands
 B - a wand of acid (21)
Scrolls
 c - 4 scrolls of identify
 e - 4 scrolls of fog {unknown}
 h - 3 scrolls of blinking
 i - 6 scrolls of remove curse
 r - 2 scrolls of immolation {unknown}
 y - 3 scrolls of magic mapping {unknown}
 E - 2 scrolls of enchant armour {unknown}
 F - 5 scrolls of amnesia
 O - 2 scrolls of enchant weapon {unknown}
 T - a scroll of noise {unknown}
 U - a scroll of silence {unknown}
Potions
 d - a potion of heal wounds
 g - 2 potions of might
 j - 5 potions of curing {unknown}
 k - 4 potions of lignification {unknown}
 n - a potion of invisibility {unknown}
 p - a potion of ambrosia
 q - 3 potions of stabbing {unknown}
 t - a potion of resistance {unknown}
 u - a potion of brilliance {unknown}
 w - 4 potions of flight {unknown}
 x - 2 potions of berserk rage {unknown}
 A - 2 potions of mutation {unknown}
 J - 2 potions of haste
 V - a potion of magic {unknown}


   Skills:
 + Level 6.9 Fighting
 + Level 9.9 Short Blades
 * Level 13.2 Slings
 + Level 7.3 Armour
 - Level 5.7 Dodging
 - Level 10.4 Stealth
 - Level 1.5 Spellcasting
 - Level 0.9 Conjurations
 - Level 4.5 Fire Magic
 + Level 5.2 Invocations


You had 6 spell levels left.
You knew the following spells:

 Your Spells              Type           Power        Failure   Level
a - Foxfire               Conj/Fire      #...         10%         1
b - Conjure Flame         Conj/Fire      #.......     28%         3
c - Sticky Flame          Conj/Fire      #.......     67%         4

Your spell library contained the following spells:

 Spells                   Type           Power        Failure   Level
 Beastly Appendage        Tmut           #.....       30%         1
 Corona                   Hex            #......      30%         1
 Inner Flame              Hex/Fire       #.......     34%         3
 Ensorcelled Hibernation  Hex/Ice        #.....       41%         2
 Wereblood                Tmut           #.......     41%         2
 Dazzling Flash           Conj/Hex       #.....       58%         3
 Confusing Touch          Hex            #.......     65%         3
 Spider Form              Tmut/Pois      #.........   65%         3
 Tukima's Dance           Hex            #.......     65%         3
 Fireball                 Conj/Fire      #.........   95%         5
 Ice Form                 Ice/Tmut       #.......     96%         4
 Blade Hands              Tmut           #.........   100%        5


Dungeon Overview and Level Annotations

Branches:
Dungeon (10/15)            Temple (1/1) D:7            Lair (2/6) D:10
  Swamp (0/4) Lair:2       Spider (0/4) Lair:2          Orc (0/2) D:9

Altars:
Ashenzari
Cheibriados
Dithmenos
Elyvilon
Fedhas
Gozag
Hepliaklqana
Kikubaaqudgha
Makhleb
Nemelex Xobeh
Okawaru
Qazlal
Ru
Sif Muna
Trog
Uskayaw
Vehumet
Wu Jian
Xom
Yredelemnul
Zin
The Shining One

Shops:
D:5 ?   D:7 (

Annotations:
D:5 exclusion: statue
D:10 Sonja
Lair:2 exclusion: 2 oklob plants


Innate Abilities, Weirdness & Mutations

You are small and have problems with some larger weapons.
You are somewhat resistant to further mutation.


Message History

Firing (i - inventory. (/) - cycle)
f - 281 sling bullets (quivered)
Press: ? - help, Shift-Dir - straight line, f/p - blink frog
Aim: a blink frog (lightly wounded)
You shoot a sling bullet. The sling bullet hits the blink frog.
The blink frog is lightly wounded.
The blink frog blinks!
Firing (i - inventory. (/) - cycle)
f - 280 sling bullets (quivered)
Press: ? - help, Shift-Dir - straight line, f/p - blink frog
Aim: a blink frog (lightly wounded)
You shoot a sling bullet.
The sling bullet barely misses the blink frog.
The blink frog hits you!
* * * LOW HITPOINT WARNING * * *
Firing (i - inventory. (/) - cycle)
f - 279 sling bullets (quivered)
Press: ? - help, Shift-Dir - straight line, f/p - blink frog
Aim: a blink frog (lightly wounded)
You shoot a sling bullet.
The sling bullet completely misses the blink frog.
The blink frog hits you!
You die...

#.##....####......# #.
#............(....# ##
#..#..............# .# #
#.#...............### ^# #
#.##..#P###....(..##s###.###. #
#. #..### ###..(.## #.#...#.#
##.##..#.# #....# #^...^# #
#...#...## #....######...######
....#..#######..@.##.............
.......P##P.#P.F.................
.#...............................
#...........(..##.#.............
#..†...##.##..#########.....#..P
##....P#####.## #..........
#....## #..# #P.......†..
........ ..#.P ##..........
............#.. #..........


You could see a blink frog.

Vanquished Creatures
  2 hydras (Lair:2)
  A centaur warrior (D:8)
  A death yak (D:9)
  2 two-headed ogres (D:8)
  Pikel (D:8)
  A manticore (D:8)
  2 black mambas (Lair:2)
  Psyche (D:9)
  3 cane toads
  A rime drake (Lair:2)
  3 komodo dragons
  5 polar bears
  3 trolls
  A bog body (Lair:2)
  A hippogriff (Lair:1)
  4 blink frogs (Lair:1)
  A wraith (D:10)
  A wyvern (D:5)
  5 water moccasins
  3 porcupines
  Duvessa (D:7)
  A black bear (D:10)
  3 orc warriors
  3 sky beasts
  A necrophage (D:10)
  An ice beast (D:8)
  6 ogres
  2 phantoms (D:8)
  An eye of draining (D:10)
  5 wolves (Lair:1)
  3 centaurs
  6 crocodiles
  2 lemures (D:8)
  Blork the orc (D:4)
  5 bullfrogs
  4 scorpions
  Dowan (D:7)
  4 killer bees (D:8)
  12 wights
  2 howler monkeys (D:9)
  A centaur zombie (D:10)
  3 hounds
  5 jellies
  2 bullfrog skeletons
  A centaur skeleton (D:4)
  3 orc priests (D:9)
  2 orc wizards
  3 hell rats (D:10)
  3 iguanas
  3 worker ants
  3 hound zombies
  2 hound skeletons
  A howler monkey zombie (D:10)
  A worker ant zombie (D:9)
  11 adders
  A river rat (D:10)
  2 shadow imps
  A white imp (D:10)
  An ufetubus (D:5)
  5 oozes (D:9)
  An adder skeleton (D:6)
  A worm (D:2)
  2 dart slugs (D:1)
  5 leopard geckos
  23 orcs
  2 ball pythons (D:2)
  6 bats
  3 giant cockroaches
  11 goblins
  8 hobgoblins
  9 jackals
  9 kobolds
  2 quokkas
  3 frilled lizards
  2 gnoll zombies (D:5)
  A jackal skeleton (D:5)
  2 leopard gecko skeletons (D:8)
  A quokka skeleton (D:5)
  A quokka zombie (D:8)
  6 rats
258 creatures vanquished.

Vanquished Creatures (others)
  2 hounds (D:4)
  A bullfrog skeleton (D:4)
  2 orcs (D:4)
  419 foxfires
  3 plants
427 creatures vanquished.

Grand Total: 685 creatures vanquished

Notes
Turn   | Place    | Note
-------+----------+-------------------------------------------
     0 | D:1      | Baz the Halfling Fire Elementalist began the quest for the
                  | Orb.
     0 | D:1      | Reached XP level 1. HP: 11/11 MP: 3/3
   288 | D:1      | Reached XP level 2. HP: 17/17 MP: 0/4
   693 | D:1      | Reached skill level 1 in Short Blades
   717 | D:1      | Reached XP level 3. HP: 19/21 MP: 2/5
   749 | D:1      | Learned a level 3 spell: Conjure Flame
  1440 | D:2      | Reached XP level 4. HP: 27/27 MP: 1/6
  1708 | D:2      | Found an opulent altar of Gozag.
  2238 | D:2      | Reached XP level 5. HP: 31/31 MP: 7/7
  2432 | D:2      | Found an iron altar of Okawaru.
  2658 | D:2      | Became a worshipper of Warmaster Okawaru
  2788 | D:3      | Found a shadowy altar of Dithmenos.
  3134 | D:3      | Found a sparkling altar of Nemelex Xobeh.
  3210 | D:3      | Found a faded altar of an unknown god.
  3302 | D:3      | Found a blossoming altar of Fedhas.
  3606 | D:3      | Reached XP level 6. HP: 36/36 MP: 0/8
  3941 | D:4      | Reached * piety under Okawaru
  4004 | D:4      | Found a shimmering altar of Xom.
  4429 | D:4      | Noticed Blork the orc
  4446 | D:4      | Killed Blork the orc
  4446 | D:4      | Reached XP level 7. HP: 32/41 MP: 0/9
  4652 | D:4      | Found a snail-covered altar of Cheibriados.
  4653 | D:4      | Found a hazy altar of Hepliaklqana.
  4654 | D:4      | Found a bloodstained altar of Trog.
  4851 | D:5      | Entered Level 5 of the Dungeon
  4872 | D:5      | Found Koyrimawn's Magic Scroll Shoppe.
  4875 | D:5      | Bought a scroll of blinking for 90 gold pieces
  5008 | D:5      | Found a radiant altar of Vehumet.
  5018 | D:5      | Noticed a wyvern
  5045 | D:5      | Killed a wyvern
  5045 | D:5      | Reached skill level 5 in Stealth
  5050 | D:5      | Reached skill level 1 in Fighting
  5481 | D:5      | Found a basalt altar of Yredelemnul.
  5580 | D:5      | Reached XP level 8. HP: 48/48 MP: 2/10
  6317 | D:6      | Reached ** piety under Okawaru
  6317 | D:6      | Reached skill level 5 in Dodging
  6405 | D:6      | Identified the +0 robe of the Constellations {Stlth+}
  6554 | D:6      | Learned a level 4 spell: Sticky Flame
  6578 | D:6      | Reached skill level 5 in Short Blades
  6904 | D:6      | Found a white marble altar of Elyvilon.
  7156 | D:6      | Found a shimmering blue altar of Sif Muna.
  7641 | D:6      | Reached XP level 9. HP: 52/55 MP: 1/11
  7772 | D:7      | Found Pugorch's Antique Weapon Boutique.
  7779 | D:7      | Bought a glowing hunting sling for 108 gold pieces
  7901 | D:7      | Reached skill level 1 in Slings
  7901 | D:7      | Reached skill level 1 in Armour
  8017 | D:7      | Reached skill level 2 in Slings
  8074 | D:7      | Noticed Duvessa
  8074 | D:7      | Noticed Dowan
  8076 | D:7      | Killed Dowan
  8204 | D:7      | Reached *** piety under Okawaru
  8340 | D:7      | Reached skill level 3 in Slings
  8475 | D:7      | Killed Duvessa
  9000 | D:8      | Noticed a centaur warrior
  9026 | D:8      | Killed a centaur warrior
  9026 | D:8      | Received a gift from Okawaru
  9026 | D:8      | Reached **** piety under Okawaru
  9026 | D:8      | Reached skill level 5 in Slings
  9318 | D:8      | Noticed a two-headed ogre
  9330 | D:8      | Killed a two-headed ogre
  9330 | D:8      | Reached skill level 6 in Slings
  9330 | D:8      | Reached XP level 10. HP: 59/64 MP: 9/12
  9412 | D:8      | Noticed a two-headed ogre
  9441 | D:8      | Killed a two-headed ogre
  9441 | D:8      | Reached skill level 7 in Slings
  9480 | D:8      | Noticed a manticore
  9536 | D:8      | Noticed Pikel
  9770 | D:8      | Killed Pikel
  9770 | D:8      | Reached ***** piety under Okawaru
  9770 | D:8      | Reached skill level 10 in Stealth
  9843 | D:8      | Reached skill level 8 in Slings
  9868 | D:8      | Received a gift from Okawaru
  9951 | D:8      | Killed a manticore
 10203 | D:8      | Received a gift from Okawaru
 10206 | D:8      | Got a scorched hat {god gift}
 10212 | D:8      | Identified the +0 hat "Latu Gug" {MR++ Str+4 Dex+3}
                  | (Okawaru gifted it to you on level 8 of the Dungeon)
 10578 | D:8      | Reached XP level 11. HP: 59/70 MP: 13/13
 10582 | D:8      | Reached skill level 5 in Fighting
 10612 | D:8      | Reached skill level 9 in Slings
 10923 | D:9      | Found a staircase to the Orcish Mines.
 11127 | D:9      | Reached skill level 5 in Armour
 11185 | D:9      | Noticed Psyche
 11701 | D:7      | Found a staircase to the Ecumenical Temple.
 11709 | Temple   | Entered the Ecumenical Temple
 11978 | D:9      | Reached skill level 1 in Invocations
 12014 | D:9      | Killed Psyche
 12125 | D:9      | Found a glowing golden altar of the Shining One.
 12251 | D:9      | Reached skill level 10 in Slings
 12411 | D:10     | Entered Level 10 of the Dungeon
 12980 | D:10     | Noticed Sonja
 12991 | D:10     | Noticed a death yak
 13080 | D:9      | Killed a death yak
 13338 | D:10     | Noticed a death yak
 13340 | D:10     | Noticed a death yak
 13797 | D:10     | Found a sacrificial altar of Ru.
 14250 | D:10     | Found a staircase to the Lair.
 14288 | Lair:1   | Entered Level 1 of the Lair of Beasts
 14382 | D:10     | Reached skill level 11 in Slings
 15177 | Lair:1   | Received a gift from Okawaru
 15447 | Lair:1   | Reached XP level 12. HP: 78/78 MP: 14/14
 15748 | Lair:1   | Reached skill level 12 in Slings
 16312 | Lair:2   | Noticed a four-headed hydra
 16339 | Lair:2   | Received a gift from Okawaru
 16344 | Lair:2   | Killed a four-headed hydra
 16386 | Lair:2   | Received a gift from Okawaru
 16598 | Lair:2   | Noticed a four-headed hydra
 16643 | Lair:2   | Killed a four-headed hydra
 16643 | Lair:2   | Received a gift from Okawaru
 16676 | Lair:2   | Reached skill level 5 in Invocations
 16695 | Lair:2   | Reached skill level 13 in Slings
 16738 | Lair:2   | Found a hole to the Spider Nest.
 16998 | Lair:2   | Found a staircase to the Swamp.
 17304 | Lair:2   | Slain by a blink frog

Illustrated notes

Levels and vault maps discovered:
D:1:      grunt_arrival_lava_bath, layout_loops_corners, minmay_pentomino_z4
D:2:      layout_basic, okawaru_altar_gauntlet_db, grunt_gozag_breadcrumbs
D:3:      layout_rooms, nicolae_dithmenos_shadow_blocks, nemelex_altar_shiori,
          chequers_ecumenical_altar_simple, fedhas_altar_fruit_tree
D:4:      layout_basic, xom_confusion_cloud,
          chequers_temple_overflow_statue_of_worship, uniq_blork_the_orc
D:5:      layout_basic, lemuel_zombie_altar_yredelemnul, vehumet_statue,
          serial_shops, shop
D:6:      layout_loops_cross, tgw_sif, elyvilon_altar_1
D:7:      layout_loops_ring, minmay_temple_entry_from_below_b, serial_shops,
          nicolae_shop_trees, minmay_misc_feat_room, uniq_duvessa
D:8:      layout_basic, minivault_25, uniq_pikel
D:9:      layout_big_octagon, old_standard_altar, orc_david_3,
          hangedman_little_slice_of_home, uniq_psyche
D:10:     layout_gridville, dpeg_lair_monsters, basic_altar, uniq_sonja
Temple:   jpeg_temple_clearing
Lair:1:   beast_lair_carwin_large_2, layout_gridlike, cheibrodos_lair_lostbears,
          grunt_megastairs_1
Lair:2:   layout_gridlike, skrybe_swamp_entry_bodies,
          nicolae_spider_entry_tight_spaces, minmay_lair_oklob_chamber

Skill      XL: |  1  2  3  4  5  6  7  8  9 10 11 12 |
---------------+-------------------------------------+-----
Short Blades   | 1 2 3 4 5 6 7 9 |  9.9
Dodging        | 3 4 5 |  5.7
Stealth        | 3 4 5 7 9 10 | 10.4
Fire Magic     | 4 |  4.5
Fighting       | 1 2 4 6 |  6.9
Slings         | 6 8 11 13 | 13.2
Armour         | 3 4 6 7 |  7.3
Invocations    | 3 5 |  5.2
Spellcasting   | |  1.5
Conjurations   | |  0.9

Action                   |  1- 3 |  4- 6 |  7- 9 | 10-12 || total
-------------------------+-------+-------+-------+-------++-------
Melee: Short sword       |    11 |    17 |    40 |    61 ||   129
       Dagger            |       |    69 |   149 |   934 ||  1152
       Punch             |       |       |       |     8 ||     8
 Fire: Hunting sling     |       |       |     8 |   252 ||   260
 Cast: Foxfire           |    40 |    80 |   114 |     1 ||   235
       Conjure Flame     |       |       |     4 |       ||     4
Invok: Heroism           |       |       |     1 |    13 ||    14
       Finesse           |       |       |       |     2 ||     2
Evoke: Wand              |       |       |     3 |     3 ||     6
  Use: Scroll            |       |     5 |     3 |     2 ||    10
 Stab: Sleeping          |     4 |     1 |    21 |    27 ||    53
       Distracted        |       |       |       |     1 ||     1
Armor: Robe              |       |    22 |    22 |       ||    44
       Leather armour    |       |       |     6 |   145 ||   151
Dodge: Dodged            |    21 |    76 |   160 |   728 ||   985

Table legend: (Time is in decaauts)
 A = Elapsed time spent in this place.
 B = Non-inter-level travel time spent in this place.
 C = Inter-level travel time spent in this place.
 D = Time resting spent in this place.
 E = Time spent auto-exploring this place.
 F = Levels seen in this place.
 G = Mean time per level.
                   A        B        C        D        E       F      G
               +--------+--------+--------+--------+--------+-----+--------+
         Total |  16691 |  16064 |    627 |   5506 |   6084 |  13 | 1283.9 |
       Dungeon |  14075 |  13482 |    593 |   4563 |   5199 |  10 | 1407.5 |
        Temple |     86 |     73 |     13 |      0 |     73 |   1 |   86.0 |
          Lair |   2528 |   2507 |     21 |    943 |    812 |   2 | 1264.0 |
               +--------+--------+--------+--------+--------+-----+--------+
